 Dungeon Crawl Stone Soup version 0.20-a0-923-g548304e (webtiles) character file.

15597 nikopol the Cleaver (level 12, -2/107 HPs)
             Began as a Minotaur Berserker on Mar 26, 2017.
             Was a High Priest of Trog.
             Killed from afar by JetFlynn's ghost (24 damage)
             ... with a spray of energy
             ... on level 2 of the Lair of Beasts.
             The game lasted 00:37:18 (11720 turns).

nikopol the Cleaver (Minotaur Berserker)           Turns: 11720, Time: 00:37:19

Health: -2/107     AC: 16    Str: 23    XL:     12   Next: 2%
Magic:  11/11      EV: 16    Int:  4    God:    Trog [*****.]
Gold:   757        SH:  0    Dex: 14    Spells: 11/11 levels left

rFire    . . .     SeeInvis +   a - +3 battleaxe (freeze)
rCold    + . .     Gourm    +   (shield currently unavailable)
rNeg     . . .     Faith    .   j - +3 ring mail
rPois    .         Spirit   .   (helmet restricted)
rElec    .         Reflect  .   (no cloak)
rCorr    .         Harm     .   n - +1 pair of gloves
MR       .....                  d - +2 pair of boots
Stlth    ..........             t - amulet of the gourmand
Regen    0.3/turn               o - ring of protection from cold
MPRegen  0.2/turn               p - ring of see invisible

@: confused, exhausted
A: retaliatory headbutt, horns 2
a: Berserk, Trog's Hand, Brothers in Arms, Burn Spellbooks, Renounce Religion


You were on level 2 of the Lair of Beasts.
You worshipped Trog.
Trog was extremely pleased with you.
You were very full.

You visited 2 branches of the dungeon, and saw 11 of its levels.

You collected 757 gold pieces.

Inventory:

Hand Weapons
 a - a +3 battleaxe of freezing (weapon)
 z - a +5 longbow of flaming
Missiles
 u - 165 arrows (quivered)
Armour
 d - a +2 pair of boots (worn)
 j - a +3 ring mail (worn)
 n - a +1 pair of gloves (worn)
 P - a cursed +0 plate armour
Jewellery
 b - an uncursed amulet of faith {unknown}
 o - a ring of protection from cold (left hand)
 p - a ring of see invisible (right hand)
 t - an amulet of the gourmand (around neck)
 C - an uncursed ring of resist corrosion {unknown}
 F - an uncursed ring of fire {unknown}
 J - an uncursed ring of wizardry {unknown}
 Q - an uncursed amulet of faith {unknown}
Wands
 e - a wand of flame (22/48)
 y - a wand of flame (38/48)
 E - a wand of acid (10/15)
 H - a wand of paralysis (6/24)
 K - a wand of flame (9/48)
 L - a wand of paralysis (7/24)
 O - a wand of digging (10/24)
Scrolls
 g - a scroll of blinking
 h - 4 scrolls of teleportation
 k - a scroll of noise {unknown}
 l - 2 scrolls of enchant armour
 v - 4 scrolls of fear
 D - a scroll of holy word {unknown}
 I - a scroll of identify
 M - a scroll of enchant weapon {unknown}
 N - 2 scrolls of remove curse
 R - a scroll of recharging {unknown}
Potions
 i - a potion of haste {unknown}
 m - 2 potions of berserk rage
 r - 3 potions of brilliance
 s - 2 potions of invisibility
 x - 3 potions of heal wounds
 A - 3 potions of curing
 B - 2 potions of lignification {unknown}
 G - 4 potions of might {unknown}
Comestibles
 c - 5 bread rations
 f - 9 royal jellies
 q - 22 fruits
 w - 4 meat rations


   Skills:
 + Level 10.3 Fighting
 * Level 12.6 Axes
 * Level 9.8 Bows
 + Level 10.5 Armour
 + Level 9.1 Dodging


You had 11 spell levels left.
You didn't know any spells.

Dungeon Overview and Level Annotations

Branches:
Dungeon (9/15)             Temple (0/1) D:4            Lair (2/6) D:9
  Swamp: Lair:2-4    Shoals: Lair:2-4     Snake: Lair:2-4    Spider: Lair:2-4
    Orc: D:9-12

Altars:
Cheibriados
Elyvilon
Gozag
Nemelex Xobeh
Okawaru
Sif Muna
Trog
Uskayaw
Zin
The Shining One

Annotations:
D:3 1 runed door
Lair:2 JetFlynn's ghost, journeyman SpEn


Innate Abilities, Weirdness & Mutations

You reflexively headbutt those who attack you in melee.
You have a pair of horns on your head.


Message History

* * * LOW HITPOINT WARNING * * *
You are confused.
JetFlynn's ghost hits you but does no damage.
You bump into the rock wall.
JetFlynn's ghost gestures at you while chanting.
You are more confused.
JetFlynn's ghost points at you and mumbles some strange words.
You struggle to resist.
JetFlynn's ghost misses you.
JetFlynn's ghost hits you but does no damage.
You're too confused to move!
JetFlynn's ghost misses you.
JetFlynn's ghost hits you but does no damage. x2
You feel yourself speed up.
JetFlynn's ghost gestures at you while chanting.
You are unaffected.
JetFlynn's ghost gestures at you while chanting.
You are unaffected.
JetFlynn's ghost gestures at you while chanting.
The spray of energy hits you!
You die...

#....(.P# .......
P###....### #......P
(......(# P.......
.#..#...# ##....#
####...######...# .
#...†.#.P#...## #..
##....†..W....###....
#...................
##.#.#.###...@......$
#P..#### ####.##..#.#
.###..## ...# ##
......# ##.## ...<..#
#.P .......# ..P
........... ..##
........... ..#
............


You could see JetFlynn's ghost.

Vanquished Creatures
  A hydra (D:8)
  A centaur warrior (D:8)
  2 two-headed ogres (D:8)
  A deep troll earth mage (D:8)
  The ghost of feelmyfire the Covert, a journeyman VSEn of Kikubaaqudgha (Lair:1)
  2 unseen horrors (D:8)
  4 lindwurms (D:9)
  A cyclops (D:9)
  A spiny frog (Lair:2)
  Prince Ribbit (D:5)
  5 blink frogs (Lair:1)
  2 hippogriffs
  2 dream sheep (D:8)
  A wyvern (Lair:1)
  8 yaks
  A vampire (D:8)
  A hungry ghost (D:8)
  Menkaure (D:7)
  3 water moccasins
  3 porcupines (Lair:1)
  3 sky beasts
  4 ice beasts
  5 ogres
  A phantom (D:7)
  4 centaurs
  5 big kobolds (D:8)
  2 crocodiles (Lair:1)
  5 bullfrogs
  A wyvern skeleton (D:8)
  2 scorpions
  A water moccasin skeleton (D:7)
  8 wights
  A howler monkey (D:6)
  4 crimson imps
  A centaur zombie (D:7)
  3 hounds
  A bullfrog zombie (D:6)
  A jelly (D:8)
  A centaur skeleton (D:7)
  3 orc priests
  3 bullfrog skeletons
  Terence (D:2)
  An iguana (D:4)
  6 orc wizards
  3 worker ants
  A hound skeleton (D:5)
  16 gnolls
  12 adders
  A howler monkey skeleton (D:4)
  4 shadow imps
  An ooze (D:2)
  An adder skeleton (D:8)
  3 worms
  4 dart slugs
  6 leopard geckos
  44 orcs
  6 giant cockroaches
  3 goblins
  10 hobgoblins
  6 quokkas
  A ball python (D:3)
  7 bats
  7 frilled lizards
  A giant cockroach zombie (D:5)
  16 kobolds
  2 quokka skeletons (D:4)
  5 rats
  6 fungi (D:9)
  10 plants
285 creatures vanquished.

Vanquished Creatures (others)
  5 plants (D:8)
5 creatures vanquished.

Grand Total: 290 creatures vanquished

Notes
Turn   | Place    | Note
-------+----------+-------------------------------------------
     0 | D:1      | nikopol the Minotaur Berserker began the quest for the Orb.
     0 | D:1      | Reached XP level 1. HP: 19/19 MP: 0/0
    22 | D:1      | Reached XP level 2. HP: 14/27 MP: 1/1
   251 | D:1      | Reached skill level 4 in Axes
   331 | D:1      | Reached XP level 3. HP: 33/33 MP: 2/2
   440 | D:2      | Reached ** piety under Trog
   522 | D:2      | Noticed Terence
   536 | D:2      | Killed Terence
   563 | D:2      | Reached XP level 4. HP: 36/40 MP: 3/3
  1356 | D:3      | Reached XP level 5. HP: 47/47 MP: 4/4
  1387 | D:3      | Found a glowing golden altar of the Shining One.
  1488 | D:3      | Reached skill level 5 in Fighting
  1556 | D:3      | Noticed an angel
  1557 | D:3      | Found a white marble altar of Elyvilon.
  1558 | D:3      | Found a runed door.
  1689 | D:3      | Reached *** piety under Trog
  2368 | D:4      | Found a staircase to the Ecumenical Temple.
  2373 | D:4      | Reached XP level 6. HP: 56/56 MP: 5/5
  2613 | D:4      | Reached skill level 5 in Axes
  2656 | D:4      | Reached skill level 5 in Armour
  2764 | D:4      | Found a snail-covered altar of Cheibriados.
  2798 | D:4      | Found an iron altar of Okawaru.
  3282 | D:4      | Reached **** piety under Trog
  3291 | D:5      | Entered Level 5 of the Dungeon
  3357 | D:5      | Noticed an ice beast
  3363 | D:5      | Killed an ice beast
  3363 | D:5      | Received a gift from Trog
  3363 | D:5      | Reached XP level 7. HP: 45/63 MP: 6/6
  3671 | D:5      | Found a hide-covered altar of Uskayaw.
  3698 | D:5      | Noticed Prince Ribbit
  3714 | D:5      | Killed Prince Ribbit
  3714 | D:5      | Reached skill level 6 in Axes
  4098 | D:5      | Reached skill level 5 in Dodging
  4257 | D:5      | Reached XP level 8. HP: 71/71 MP: 7/7
  5041 | D:6      | Reached skill level 7 in Axes
  5584 | D:7      | Reached skill level 1 in Bows
  6080 | D:7      | Noticed Menkaure
  6090 | D:7      | Reached XP level 9. HP: 58/79 MP: 8/8
  6091 | D:7      | Killed Menkaure
  6261 | D:7      | Reached skill level 8 in Axes
  6440 | D:7      | Found a glowing silver altar of Zin.
  6440 | D:7      | Found an opulent altar of Gozag.
  6441 | D:7      | Found a sparkling altar of Nemelex Xobeh.
  6443 | D:7      | Found a deep blue altar of Sif Muna.
  6661 | D:8      | Reached ***** piety under Trog
  6765 | D:8      | Received a gift from Trog
  6890 | D:8      | Found a glowing golden altar of the Shining One.
  7071 | D:8      | Found a bloodstained altar of Trog.
  7233 | D:8      | Paralysed by a gnoll for 5 turns
  7431 | D:8      | Reached skill level 9 in Axes
  7473 | D:8      | Noticed an unseen horror
  7474 | D:8      | Noticed an unseen horror
  7482 | D:8      | Killed an unseen horror
  7482 | D:8      | Reached skill level 5 in Bows
  7488 | D:8      | Killed an unseen horror
  7488 | D:8      | Reached XP level 10. HP: 66/90 MP: 9/9
  7610 | D:8      | Noticed a deep troll earth mage
  7620 | D:8      | Noticed a centaur warrior
  7645 | D:8      | Noticed a two-headed ogre
  8097 | D:8      | Killed a deep troll earth mage
  8097 | D:8      | Received a gift from Trog
  8097 | D:8      | Reached skill level 10 in Axes
  8102 | D:8      | Killed a centaur warrior
  8498 | D:8      | Noticed a two-headed ogre
  8507 | D:8      | Killed a two-headed ogre
  8566 | D:8      | Noticed a three-headed hydra
  8569 | D:8      | Reached skill level 11 in Axes
  8576 | D:8      | Killed a six-headed hydra
  8576 | D:8      | Reached XP level 11. HP: 97/97 MP: 10/10
  8899 | D:8      | Received a gift from Trog
  9092 | D:8      | Killed a two-headed ogre
  9297 | D:9      | Noticed a lindwurm
  9298 | D:9      | Noticed a lindwurm
  9299 | D:9      | Noticed a lindwurm
  9299 | D:9      | Noticed a lindwurm
  9316 | D:9      | Killed a lindwurm
  9324 | D:9      | Killed a lindwurm
  9333 | D:9      | Killed a lindwurm
  9333 | D:9      | Reached skill level 10 in Armour
  9545 | D:9      | Killed a lindwurm
  9794 | D:9      | Found a staircase to the Lair.
  9845 | D:9      | Reached skill level 12 in Axes
 10170 | Lair:1   | Entered Level 1 of the Lair of Beasts
 10306 | Lair:1   | Reached skill level 10 in Fighting
 10963 | Lair:1   | Noticed feelmyfire's ghost (journeyman VSEn)
 10982 | Lair:1   | Killed feelmyfire's ghost
 11567 | Lair:2   | Reached XP level 12. HP: 91/106 MP: 11/11
 11660 | Lair:2   | Noticed JetFlynn's ghost (journeyman SpEn)
 11720 | Lair:2   | Killed from afar by JetFlynn's ghost

Vault maps used:
D:1:      lightli_iron_boxes, minmay_misc_feat_roman, minmay_tromino_i2
D:2:      first_bread, kennysheep_generic_room_10, uniq_terence
D:3:      wad_woods_stonehenge, serial_glass, glass_columns_b, glass_columns_b,
          glass_columns_c, glass_columns_a, glass_columns_c, glass_columns_a,
          glass_columns_a, glass_columns_b, portal_sewer_entry_d,
          lemuel_angel_altar
D:4:      kennysheep_slug_shrine, minmay_temple_entry_statues_fountains,
          st_stairs_9, okawaru_ov_weapons_minmay
D:5:      kennysheep_mini, serial_bayou, serial_bayou_ford_a,
          serial_bayou_pond_a, serial_bayou_crossing, serial_bayou_lake_a,
          uniq_prince_ribbit1
D:7:      minitemple, uniq_menkaure
D:8:      hangedman_cross_veins, hangedman_feature_mirror, hangedman_ranch
D:9:      dpeg_oklobed_lair, minmay_lindwurm_lava
Lair:1:   minivault_24

Skill      XL: |  1  2  3  4  5  6  7  8  9 10 11 |
---------------+----------------------------------+-----
Armour         | 3 4 5 6 7 8 9 10 | 10.5
Axes           | 4 5 6 7 9 11 12 | 12.6
Fighting       | 4 5 6 7 8 9 10 | 10.3
Dodging        | 3 4 5 6 7 8 9 |  9.1
Bows           | 2 5 7 9 |  9.8

Action                   |  1- 3 |  4- 6 |  7- 9 | 10-12 || total
-------------------------+-------+-------+-------+-------++-------
Melee: Hand axe          |    71 |   297 |   114 |       ||   482
       Headbutt          |     6 |    74 |    58 |    23 ||   161
       Battleaxe         |       |       |   120 |   145 ||   265
 Fire: Shortbow          |       |       |   117 |    73 ||   190
       Longbow           |       |       |       |    94 ||    94
Invok: Berserk           |       |       |     2 |     4 ||     6
       Burn Spellbooks   |       |       |       |     1 ||     1
  Use: Scroll            |       |       |     7 |     7 ||    14
  Eat: Chunk             |       |     8 |    35 |    16 ||    59
       Royal jelly       |       |       |     1 |       ||     1
Armor: Animal skin       |     2 |       |       |       ||     2
       Ring mail         |    19 |    86 |    87 |    56 ||   248
Dodge: Dodged            |    45 |   128 |   190 |   140 ||   503
